 Dungeon Crawl Stone Soup version 0.27-a0-1555-g0e7b3fb1d2 (webtiles) character file.

Game seed: 16484777141065708330

84 ziltoidlt the Chucker (level 4, 0/41 HPs)
             Began as an Ogre Arcane Marksman on July 14, 2021.
             Slain by an orc (3 damage)
             ... on level 3 of the Dungeon.
             The game lasted 00:11:16 (2307 turns).

ziltoidlt the Chucker (Ogre Arcane Marksman)        Turns: 2307, Time: 00:11:17

Health: 0/41       AC:  3    Str: 15    XL:     4   Next: 45%
Magic:  7/7        EV:  9    Int: 14    God:
Gold:   106        SH:  0    Dex:  9    Spells: 1/7 levels left

rFire    . . .     SeeInvis .   a - +0 dagger
rCold    . . .     Faith    .   (no shield)
rNeg     . . .     Spirit   .   l - +0 robe
rPois    .         Reflect  .   (helmet restricted)
rElec    .         Harm     .   (no cloak)
rCorr    .         Rampage  .   (gloves unavailable)
Will     .....                  (boots unavailable)
Stlth    +.........             (no amulet)
HPRegen  0.13/turn              (no ring)
MPRegen  0.10/turn              (no ring)

@: confused
A: large, unfitting armour, tough skin 1, screaming 1
a: no special abilities


You were on level 3 of the Dungeon.
You visited 1 branch of the dungeon, and saw 3 of its levels.

You collected 106 gold pieces.

Inventory:

Hand Weapons
 a - a +0 dagger (weapon)
Missiles
 b - 4 large rocks
 c - 2 throwing nets
 i - 50 stones (quivered)
Armour
 l - a +0 robe (worn)
Scrolls
 g - a scroll of fog {unknown}
 j - 2 scrolls of identify {unknown}
 k - a scroll of enchant armour {unknown}
 m - a scroll of vulnerability {unknown}


   Skills:
 - Level 1.3 Fighting
 * Level 3.7 Throwing
 - Level 1.7 Dodging
 - Level 2.0 Spellcasting
 + Level 3.2 Hexes
 + Level 0.1 Translocations


You had one spell level left.
You knew the following spells:

 Your Spells              Type           Power      Damage    Failure   Level
a - Corona                Hex            11%        N/A       6%          1
b - Slow                  Hex            10%        N/A       10%         2
c - Portal Projectile     Hex/Tloc       12%        N/A       34%         3

Your spell library contained the following spells:

 Spells                   Type           Power      Damage    Failure   Level
 Inner Flame              Hex/Fire       6%         N/A       36%         3
 Cause Fear               Hex            5%         N/A       52%         4


Dungeon Overview and Level Annotations

Branches:
Dungeon (3/15)

Altars:


Innate Abilities, Weirdness & Mutations

You are too large for most types of armour.
You have tough skin. (AC +1)
You occasionally shout uncontrollably at your foes.


Message History

The orc hits you with a +0 club. The orc hits you but does no damage.
The orc wizard hits you but does no damage.
It was a potion of mutation.
You feel extremely strange.
You feel the urge to shout. The orc hits you but does no damage. x2
The orc wizard hits you but does no damage.
It was a potion of cancellation.
Your magical effects are unravelling.
You feel magically purged.
You feel less wooden.
Your +0 robe unmelds from your body.
You feel less confused.
Your resistance to elements expires.
The orc closely misses you. x2
The orc wizard hits you but does no damage.
You closely miss the orc wizard.
The orc wizard is heavily wounded.
The orc closely misses you. The orc hits you with a +0 club.
The orc wizard hits you but does no damage.
You barely miss the orc wizard.
The orc wizard is heavily wounded.
The orc hits you with a +0 club. The orc hits you but does no damage.
The orc wizard casts a spell at you. The puff of flame hits you!
* * * LOW HITPOINT WARNING * * *
You hit the orc wizard.
The orc wizard is severely wounded.
The orc closely misses you. The orc hits you but does no damage.
The orc wizard closely misses you.
You barely miss the orc wizard.
The orc wizard is severely wounded.
The orc hits you with a +0 club.
* * * LOW HITPOINT WARNING * * *
The orc hits you with a +0 club.
* * * LOW HITPOINT WARNING * * *
The orc wizard points at you and mumbles some strange words.
You are confused.
You miss the orc wizard.
The orc wizard is severely wounded.
The orc hits you with a +0 club.
You die...

. ..#.####.# ..
.#.#....# .o.
..#.##.######### ....
#.#.##.........# .....
#.#.#####......###
.....o#..(..............
..........(((((......##
........#######ooo...#
........# #.@....#
#.####..# ###.#..# #
#..# .#>#... #..# ..
##.. #..# .#. . ....
.... ## ##


You could see an orc wizard and 2 orcs.

Vanquished Creatures
  Terence (D:2)
  An adder (D:2)
  A dart slug (D:2)
  3 ball pythons
  2 bats (D:1)
  5 endoplasms
  2 goblins
  4 hobgoblins (D:2)
  11 jackals
  2 quokkas (D:1)
  2 frilled lizards (D:2)
  A kobold (D:1)
  4 rats
39 creatures vanquished.

Notes
Turn   | Place    | Note
-------+----------+-------------------------------------------
     0 | D:1      | ziltoidlt the Ogre Arcane Marksman began the quest for the
                  | Orb.
     0 | D:1      | Reached XP level 1. HP: 19/19 MP: 2/2
   352 | D:1      | Reached XP level 2. HP: 26/27 MP: 2/4
  1169 | D:2      | Reached XP level 3. HP: 33/33 MP: 5/5
  1322 | D:2      | Learned a level 2 spell: Slow
  1339 | D:2      | Found a faded altar of an unknown god.
  1369 | D:2      | Noticed Terence
  1391 | D:2      | Killed Terence
  1477 | D:2      | Reached XP level 4. HP: 41/41 MP: 7/7
  1630 | D:2      | Learned a level 3 spell: Portal Projectile
  2301 | D:3      | Gained mutation: You occasionally shout uncontrollably at
                  | your foes. [potion of mutation]
  2307 | D:3      | Slain by an orc

Illustrated notes

Levels and vault maps discovered:
D:1:      dpeg_arrival_round_c, layout_loops_ring, minivault_19
D:2:      layout_basic, hellmonk_ecumenical_altar_arch_garden,
          palyth_stone_intersect, uniq_terence
D:3:      layout_loops_ring, makhleb_altar_promises_db,
          mainiacjoe_overflow_cross_hatched, mainiacjoe_overflow_catwalk,
          minmay_misc_feat_doors, uniq_grinder, uniq_crazy_yiuf_cottage

Skill      XL: |  1  2  3 |
---------------+----------+-----
Hexes          | 3 |  3.2
Throwing       | 3 |  3.7
Spellcasting   | 2 |  2.0
Fighting       | |  1.3
Dodging        | |  1.7
Translocations | |  0.1

Action                   |  1- 3 |  4- 6 || total
-------------------------+-------+-------++-------
Melee: Long sword        |    44 |       ||    44
       Dagger            |     5 |    58 ||    63
Throw: Large rock        |     7 |     4 ||    11
       Stone             |    24 |    16 ||    40
       Throwing net      |     1 |       ||     1
 Cast: Corona            |    10 |     3 ||    13
       Slow              |     3 |       ||     3
  Use: Potion            |       |     4 ||     4
Armor: Robe              |    28 |    18 ||    46
       Skin              |       |     6 ||     6
Dodge: Dodged            |    24 |    29 ||    53
       Rpst.: Long sword |     9 |       ||     9

Table legend: (Time is in decaauts)
 A = Elapsed time spent in this place.
 B = Non-inter-level travel time spent in this place.
 C = Inter-level travel time spent in this place.
 D = Time resting spent in this place.
 E = Time spent auto-exploring this place.
 F = Levels seen in this place.
 G = Mean time per level.
                   A        B        C        D        E       F      G
               +--------+--------+--------+--------+--------+-----+--------+
         Total |   2332 |   2290 |     42 |    486 |   1418 |   3 |  777.3 |
       Dungeon |   2332 |   2290 |     42 |    486 |   1418 |   3 |  777.3 |
               +--------+--------+--------+--------+--------+-----+--------+

Top non-repeatable levels by time:
     D:2: 1209 daAuts
     D:1: 1075 daAuts
     D:3: 47 daAuts
